Map: Old Estate

Players

Dotapindol

  • Race: Zerg Zerg
  • Spawn Location: 3:00

Vernaith

  • Race: Terran Terran
  • Spawn Location: 1:00

Zolty

  • Race: Protoss Protoss
  • Spawn Location: 3:00

Poppinm

  • Race: Protoss Protoss
  • Spawn Location: 1:00

Maelthor - Winner!

  • Race: Terran Terran
  • Spawn Location: 7:00

Erfeyah - Winner!

  • Race: Protoss Protoss
  • Spawn Location: 9:00

Iluvatar - Winner!

  • Race: Terran Terran
  • Spawn Location: 7:00

athabstract - Winner!

  • Race: Protoss Protoss
  • Spawn Location: 7:00

VOD

Have the link to the VOD?

Description

Time

  • Played on: Nov. 16, 2017, 3:10 p.m.
  • Length: 14:08
Show
View Real Time Build Order
Export as new Build Order

Dotapindol Zerg 

Build Orders: Pool First 

Get SALT Encoding   

  12  0:02  Drone  
  13  0:10  Drone  
  14  0:18  Overlord  
  14  0:37  Drone  
  14  0:38  Spawning Pool  
  14  0:43  Drone  
  15  0:54  Extractor  
  15  0:56  Drone x2  
  16  1:01  Drone  
  17  1:11  Overlord  
  17  1:24  Drone  
  18  1:29  Queen  
  20  1:37  Extractor  
  20  1:38  Drone  
  20  1:49  Drone, Roach Warren  
  20  1:56  Drone  
  21  2:07  Drone  
  22  2:24  Drone  
  25  2:30  Roach  
  25  2:46  Drone  
  25  2:47  Drone x3  
  29  3:18  Hatchery  
  28  3:26  Evolution Chamber, Roach  
  29  3:30  Overlord x2  
  29  3:31  Overlord x3  
  29  3:55  Zerg Missile Weapons Level 1  
  29  3:58  Roach  
  29  3:59  Roach  
  33  4:03  Lair  
  33  4:21  Roach x3  
  39  4:26  Ravager x2  
  39  4:27  Ravager  
  39  4:28  Ravager  
  43  4:32  Roach  
  36  4:57  Spore Crawler  
  34  5:01  Drone x4  
  38  5:14  Roach  
  40  5:22  Drone  
  41  5:35  Roach  
  42  5:49  Zerg Ground Armor Level 1  
  42  6:03  Roach  
  42  6:04  Roach x3  
  50  6:08  Zergling x2  
  51  6:31  Drone  
  51  6:32  Drone x4  
  56  6:43  Drone x2  
  58  7:05  Roach x2  
  58  7:06  Roach  
  48  7:29  Glial Reconstitution  
  46  7:33  Roach x2  
  50  7:37  Drone x2  
  50  7:38  Drone  
  48  8:11  Zerg Missile Weapons Level 2  
  48  8:14  Roach x3  
  54  8:39  Roach x2  
  58  8:44  Drone x3  
  58  8:48  Tunneling Claws  
  61  8:52  Extractor  
  60  9:08  Drone x2  
  62  9:23  Roach x3  
  68  9:26  Drone  
  34  9:58  Roach  
  34  9:59  Roach x2  
  40  10:06  Drone x3  
  43  10:45  Hydralisk Den  
  36  11:16  Hydralisk x5  
  36  11:17  Hydralisk  
  48  11:22  Hydralisk x3  
  48  11:23  Hydralisk x3  
  60  11:36  Hydralisk  
  60  11:37  Hydralisk x3  
  68  11:45  Hydralisk  
  70  11:50  Hydralisk  
Show
View Real Time Build Order
Export as new Build Order

Vernaith Terran 

Build Orders:  

Get SALT Encoding   

  12  0:11  Refinery  
  12  0:16  SCV  
  13  0:28  SCV  
  14  0:30  Refinery  
  14  0:53  Supply Depot  
  14  1:03  SCV  
  15  1:15  SCV, Supply Depot  
  16  1:29  Engineering Bay  
  16  1:38  Supply Depot  
  16  1:42  SCV  
  17  1:54  SCV  
  18  2:02  Supply Depot  
  18  2:06  SCV  
  19  2:09  Barracks  
  19  2:34  Missile Turret  
  19  2:38  SCV  
  19  2:43  Terran Infantry Armor Level 1  
  20  2:50  SCV  
  21  3:00  Command Center  
  21  3:09  Barracks Reactor, Missile Turret  
  21  3:23  Supply Depot  
  21  3:42  Missile Turret  
  21  3:46  Supply Depot  
  21  3:57  Marine x2  
  23  4:14  Missile Turret  
  23  4:15  Marine x2  
  25  4:33  Marine x2  
  25  4:37  Terran Infantry Weapons Level 1  
  27  4:44  Sensor Tower  
  27  4:50  Marine  
  27  4:51  Marine  
  29  5:08  Marine x2  
  29  5:14  Factory  
  31  5:19  SCV  
  32  5:26  Marine x2  
  34  5:31  SCV  
  35  5:44  SCV, Marine x2  
  38  5:56  SCV  
  39  6:02  Marine x2  
  41  6:06  Supply Depot  
  41  6:07  Factory Reactor  
  41  6:08  SCV  
  42  6:20  Marine x2  
  44  6:29  Supply Depot  
  44  6:31  Hi-Sec Auto Tracking  
  44  6:37  Marine x2  
  46  6:55  Marine x2  
  48  7:05  Armory  
  48  7:13  Marine x2  
  50  7:31  Marine x2  
  52  7:49  Marine x2  
  54  8:06  Marine  
  54  8:07  Marine, Terran Vehicle Weapons Level 1  
  52  8:23  Missile Turret  
  47  8:32  SCV  
  48  8:44  SCV  
  49  8:56  SCV  
  49  8:58  Marine x2  
  52  9:04  SCV  
  52  9:08  SCV  
  54  9:16  SCV, Marine x2  
  57  9:20  SCV  
  54  9:26  Cyclone  
  54  9:28  SCV  
  58  9:34  Marine x2  
  59  9:40  SCV  
  59  9:44  Refinery  
  60  9:52  SCV, Marine x2  
  62  10:02  Terran Vehicle And Ship Armor Level 1  
  62  10:08  Cyclone x2  
  62  10:10  Marine x2  
  70  10:33  SCV  
  70  10:45  SCV  
  70  10:57  SCV  
  70  11:09  SCV  
  69  11:15  Marine x2  
  66  11:19  Cyclone x2  
  66  11:21  SCV  
Show
View Real Time Build Order
Export as new Build Order

Zolty Protoss 

Build Orders:  

Get SALT Encoding   

  12  1:06  Probe  
  13  1:18  Probe  
  14  1:51  Pylon  
  14  1:58  Pylon  
  14  1:59  Probe  
  15  2:20  Pylon  
  15  2:29  Assimilator  
  15  2:36  Assimilator  
  15  2:37  Probe  
  16  2:49  Probe  
  17  3:01  Probe  
  18  3:07  Gateway  
  18  3:27  Forge  
  18  3:58  Zealot  
  20  4:15  Cybernetics Core  
  20  4:27  Photon Cannon  
  20  4:33  Photon Cannon  
  20  4:50  Probe  
  21  5:02  Probe  
  22  5:14  Probe, Protoss Ground Weapons Level 1  
  23  5:24  Stalker  
  23  5:26  Probe  
  26  5:54  Stalker  
  22  6:40  Adept  
  22  7:03  Probe  
  22  7:07  Adept  
  25  7:15  Probe  
  26  7:26  Pylon  
  26  7:34  Adept  
  28  7:44  Pylon  
  28  7:56  Stargate  
  28  8:01  Adept  
  30  8:28  Adept  
  32  8:55  Stalker  
  34  9:07  Probe  
  35  9:19  Probe  
  36  9:25  Stalker  
  38  9:31  Probe  
  39  9:44  Probe  
  40  9:54  Phoenix  
  40  9:55  Stalker  
  40  9:56  Probe  
  45  10:19  Oracle  
  48  10:25  Stalker  
  50  10:28  Probe  
  51  10:41  Probe  
  52  10:47  Assimilator  
  52  10:53  Probe  
  52  10:55  Phoenix  
  55  11:21  Probe, Adept  
  34  11:48  Stalker  
  33  12:18  Stalker  
Show
View Real Time Build Order
Export as new Build Order

Poppinm Protoss 

Build Orders:  

Get SALT Encoding   

  12  0:03  Probe  
  13  0:15  Probe  
  14  0:22  Pylon  
  14  0:42  Gateway  
  14  0:46  Assimilator  
  14  1:12  Probe  
  15  1:24  Probe  
  16  1:29  Zealot  
  18  1:36  Probe  
  19  1:48  Probe  
  19  1:53  Assimilator  
  20  1:56  Zealot  
  20  2:00  Probe  
  23  2:02  Pylon  
  23  2:06  Gateway  
  23  2:20  Probe  
  24  2:32  Probe  
  25  2:48  Forge  
  25  2:56  Probe  
  25  2:57  Pylon  
  25  3:06  Zealot  
  25  3:07  Zealot  
  25  3:08  Probe  
  30  3:20  Probe  
  31  3:32  Probe, Protoss Ground Weapons Level 1  
  31  3:33  Zealot  
  34  3:34  Zealot  
  36  3:49  Cybernetics Core  
  36  4:12  Pylon  
  36  4:40  Robotics Facility  
  36  4:47  Stalker  
  36  4:49  Stalker  
  40  5:17  Stalker  
  40  5:19  Stalker  
  44  5:26  Protoss Ground Armor Level 1  
  44  5:27  Pylon  
  44  5:30  Pylon  
  44  5:33  Pylon  
  44  5:45  Immortal  
  44  5:49  Stalker  
  50  6:24  Immortal  
  52  6:34  Stalker  
  52  6:37  Stalker  
  56  6:50  Nexus  
  56  6:52  Pylon  
  56  7:03  Immortal  
  56  7:04  Stalker  
  56  7:07  Stalker  
  64  7:19  Pylon  
  60  7:34  Stalker  
  60  7:37  Stalker  
  62  7:43  Immortal  
  68  8:04  Stalker  
  70  8:07  Stalker  
  72  8:22  Immortal  
  76  8:34  Stalker  
  69  9:15  Immortal  
  73  9:18  Stalker  
  75  9:24  Probe  
  75  9:28  Probe  
  77  9:54  Immortal  
  71  10:23  Probe  
  71  10:26  Probe  
  73  10:32  Warp Prism  
  74  10:36  Probe  
  74  10:39  Probe  
  76  10:45  Robotics Bay  
  50  10:51  Probe  
  41  11:03  Probe  
  42  11:15  Probe  
  21  11:39  Stalker  
  23  11:41  Stalker  
  25  11:52  Colossus  
  31  12:09  Stalker  
  31  12:11  Stalker  
Show
View Real Time Build Order
Export as new Build Order

Maelthor Terran - Winner!

Build Orders: Liberator Opening 

Get SALT Encoding   

  12  0:01  SCV  
  13  0:13  SCV  
  14  0:19  Supply Depot  
  14  0:27  SCV  
  15  0:30  Refinery  
  15  0:41  SCV  
  16  0:46  Barracks  
  16  0:54  SCV  
  17  0:58  Refinery  
  17  1:06  SCV  
  18  1:18  SCV  
  20  1:35  Orbital Command  
  20  1:36  Factory  
  19  1:40  Barracks Reactor  
  19  2:01  SCV  
  19  2:05  Supply Depot  
  20  2:10  Supply Depot  
  20  2:13  SCV  
  21  2:20  Hellion  
  23  2:27  SCV  
  26  2:35  Starport  
  26  2:39  SCV  
  25  2:52  SCV  
  25  2:55  Factory Reactor  
  26  3:02  Liberator x2  
  26  3:04  SCV  
  27  3:16  SCV  
  34  3:24  Barracks Tech Lab  
  34  3:29  SCV  
  35  3:37  Command Center  
  35  3:41  SCV  
  36  3:43  Supply Depot  
  38  3:50  Hellion  
  38  3:56  Supply Depot  
  38  3:57  SCV  
  39  4:05  Hellion  
  41  4:15  SCV, Hellion  
  44  4:17  Medivac  
  46  4:27  SCV, Hellion  
  49  4:39  SCV  
  50  4:51  Marine  
  48  5:03  SCV  
  48  5:05  Orbital Command  
  49  5:09  Marine  
  50  5:16  SCV  
  50  5:17  Medivac x2  
  50  5:19  Hellion x2  
  59  5:27  Factory  
  59  5:28  SCV  
  60  5:31  Command Center  
  60  5:32  Engineering Bay  
  60  5:35  Supply Depot  
  60  5:38  SCV  
  60  5:40  SCV  
  62  5:56  Marine  
  55  5:59  SCV x2  
  55  6:03  Hellion  
  63  6:12  SCV  
  63  6:13  SCV  
  63  6:14  Marine, Liberator x2  
  63  6:18  Refinery  
  66  6:19  Hellion  
  66  6:21  Factory Tech Lab  
  66  6:23  Factory  
  66  6:24  Hellion  
  66  6:25  SCV  
  71  6:28  SCV  
  71  6:35  Marine  
  71  6:37  SCV  
  73  6:40  SCV  
  74  6:49  SCV  
  75  6:56  Marauder  
  77  7:02  SCV x2  
  77  7:06  Barracks  
  77  7:08  Factory Tech Lab, Barracks  
  79  7:09  Barracks  
  79  7:27  Terran Infantry Weapons Level 1  
  79  7:28  Supply Depot  
  79  7:34  Supply Depot  
  79  7:35  Armory  
  79  7:39  Supply Depot  
  79  7:40  Armory  
  79  7:45  Infernal Pre-Igniter  
  79  8:04  Orbital Command  
  79  8:05  SCV x2  
  81  8:22  Hellion x4  
  87  8:43  Hellion  
  87  8:44  Hellion x2  
  85  8:59  Barracks Reactor  
  85  9:00  Barracks Reactor  
  85  9:05  Siege Tank x2  
  85  9:06  Hellion x2  
  85  9:07  Medivac x2  
  99  9:11  Barracks Tech Lab  
  99  9:20  SCV x3  
  102  9:26  Refinery  
  102  9:30  Marine  
  102  9:31  Marauder  
  105  9:37  Medivac x2, Hellion, Siege Tank x2  
  117  9:41  Starport  
  117  10:46  Supply Depot x2, Terran Vehicle And Ship Armor Level 1, Terran Vehicle Weapons Level 1  
  117  10:48  Supply Depot  
  117  10:54  Starport Reactor  
  117  10:55  Supply Depot  
  117  11:07  SCV x3, Marine, Siege Tank  
  117  11:08  Siege Tank  
  127  11:16  Stimpack  
  123  11:24  Marine  
  123  11:25  Marine x4, Marauder  
  113  11:39  Siege Tank  
  116  11:40  Siege Tank  
  116  11:42  Marine x2  
  121  11:48  Marine x3, Marauder  
  121  11:50  Medivac x4  
  132  12:00  Marine x2  
  134  12:06  Marine  
  135  12:26  Marine x5, Marauder  
  142  12:44  Thor, Marine  
  142  12:46  Supply Depot  
  142  12:47  Supply Depot  
  142  12:48  Supply Depot  
  142  12:51  Supply Depot  
  149  12:59  Refinery  
  149  13:00  Refinery  
  149  13:08  Thor  
  155  13:16  Hellion x2  
  159  13:42  Marine x5, Marauder  
Show
View Real Time Build Order
Export as new Build Order

Erfeyah Protoss - Winner!

Build Orders:  

Get SALT Encoding   

  12  0:15  Pylon  
  12  0:30  Probe  
  13  0:42  Probe  
  14  0:43  Gateway  
  14  0:54  Probe  
  15  0:58  Gateway  
  15  1:10  Probe  
  16  1:18  Gateway  
  16  1:22  Probe  
  17  1:27  Assimilator  
  17  1:31  Zealot  
  19  1:51  Probe  
  20  2:03  Probe  
  21  2:15  Probe  
  22  3:03  Cybernetics Core  
  22  3:21  Pylon  
  22  3:32  Pylon  
  22  3:35  Pylon  
  22  3:39  Zealot x3  
  28  3:58  Gateway  
  28  4:00  Gateway  
  28  4:06  Zealot x2, Stalker  
  34  4:21  Assimilator  
  34  4:33  Stalker x2  
  34  4:36  Stalker  
  40  5:12  Shield Battery  
  40  5:36  Pylon  
  40  5:37  Pylon  
  40  5:38  Pylon  
  40  5:39  Pylon  
  40  5:41  Pylon  
  40  5:42  Pylon  
  40  5:54  Zealot x5  
  50  6:21  Zealot x5  
  60  6:48  Stalker x2  
  64  7:22  Nexus  
  64  7:42  Pylon  
  64  7:44  Pylon  
  64  7:54  Pylon  
  64  7:57  Pylon  
  64  7:59  Pylon  
  64  8:02  Stalker x3  
  64  8:03  Zealot x2  
  74  8:30  Zealot x2  
  79  9:17  Probe  
  79  9:29  Probe, Zealot x3  
  86  9:41  Probe  
  87  9:53  Probe  
  87  9:56  Zealot x3  
  87  9:58  Pylon  
  94  10:01  Pylon  
  94  10:03  Pylon  
  94  10:05  Probe  
  95  10:17  Probe  
  96  10:23  Sentry x3  
  104  10:50  Sentry  
Show
View Real Time Build Order
Export as new Build Order

Iluvatar Terran - Winner!

Build Orders: MMM Bio 

Get SALT Encoding   

  12  0:02  SCV  
  13  0:15  SCV  
  14  0:32  Supply Depot  
  15  0:35  SCV  
  15  0:54  SCV  
  15  0:55  Barracks  
  16  1:06  SCV  
  17  1:17  Command Center  
  17  1:20  SCV  
  18  1:33  SCV  
  19  1:49  Supply Depot, Marine  
  19  1:51  SCV  
  21  1:56  Refinery  
  21  2:01  Refinery  
  21  2:04  Orbital Command  
  21  2:06  Marine  
  22  2:26  Barracks  
  22  2:32  Marine  
  22  2:36  SCV  
  24  2:41  SCV  
  25  2:53  SCV, Barracks  
  25  2:54  SCV  
  25  2:56  Barracks  
  27  3:06  SCV x2  
  29  3:21  Barracks Reactor  
  29  3:27  Barracks Reactor  
  29  3:30  SCV x2  
  31  3:42  Supply Depot  
  31  3:43  Barracks Tech Lab  
  31  3:44  Barracks Tech Lab  
  31  3:51  Engineering Bay x2  
  31  3:53  SCV x2  
  31  3:54  Factory  
  33  3:58  Marine x2  
  35  4:05  Supply Depot  
  35  4:10  SCV  
  35  4:12  SCV  
  35  4:14  Engineering Bay  
  37  4:23  SCV  
  38  4:27  Refinery  
  38  4:29  Stimpack  
  38  4:30  Marine  
  39  4:32  Marine  
  39  4:34  Marine  
  39  4:36  Marine  
  42  4:49  Marine x2  
  42  4:52  Terran Infantry Weapons Level 1  
  44  4:53  Refinery  
  44  4:55  Terran Infantry Armor Level 1  
  44  5:00  SCV x2  
  46  5:12  SCV, Starport  
  46  5:13  Starport  
  47  5:15  Supply Depot, Marine x3  
  47  5:16  Marine  
  47  5:17  Marine  
  52  5:24  Combat Shields  
  52  5:26  SCV  
  52  5:27  SCV  
  54  5:38  SCV  
  54  5:39  Marine x3  
  54  5:40  Marine x3  
  61  5:50  Supply Depot  
  61  5:51  SCV  
  62  5:57  Marine  
  62  5:59  Starport Reactor, Medivac  
  62  6:02  Marine  
  62  6:03  Marine x4  
  70  6:12  SCV x2  
  70  6:13  Supply Depot  
  70  6:15  Marine  
  70  6:17  Supply Depot  
  73  6:20  Marine x2  
  73  6:21  Marine  
  73  6:22  Marine  
  73  6:23  Marine  
  78  6:35  Medivac, Supply Depot  
  78  6:37  SCV  
  78  6:38  Supply Depot  
  78  6:39  SCV  
  82  6:40  Medivac  
  82  6:43  Medivac  
  82  6:45  Marine  
  87  6:52  Marine  
  87  6:53  Marine  
  89  7:00  Factory Tech Lab  
  89  7:01  Armory  
  81  7:36  Marine x5  
  81  7:37  Marine  
  87  7:49  Barracks  
  87  7:50  Barracks  
  87  7:51  Starport Reactor  
  87  7:52  Medivac x2  
  87  7:53  Marine x2, Barracks  
  87  7:54  Marine  
  87  7:56  Terran Infantry Weapons Level 2  
  87  7:57  Terran Infantry Armor Level 2  
  94  8:01  SCV x2  
  96  8:09  Marine  
  96  8:10  Marine x2  
  96  8:11  Marine  
  100  8:22  SCV x2  
  100  8:26  Medivac x2  
  106  8:36  Command Center  
  106  8:38  Barracks Reactor x2  
  106  8:45  Thor  
  112  8:49  Medivac  
  112  8:50  Medivac  
  112  8:51  Marine x2  
  118  9:04  Supply Depot  
  118  9:09  Supply Depot x2  
  118  9:25  SCV, Medivac, Marine x5  
  118  9:30  Marine x4  
  118  9:31  SCV  
  131  9:37  SCV  
  123  9:53  Marine x2  
  123  9:54  Marine  
  114  11:08  Marine x6  
  114  11:09  Marine x2  
  114  11:11  Marine x3  
  123  11:13  SCV x3  
  124  11:26  Marine x6  
  128  12:47  Marine x5  
  128  12:48  Marine x4  
  134  13:08  Marine x2  
  134  13:09  Marine x8  
  134  13:10  Marine  
  134  13:12  Medivac x4  
  153  13:26  Marine x4  
  157  13:41  Supply Depot x2  
  157  13:42  Supply Depot  
  157  13:43  SCV x3, Marine x3  
  157  13:44  Supply Depot  
Show
View Real Time Build Order
Export as new Build Order

athabstract Protoss - Winner!

Build Orders:  

Get SALT Encoding   

  12  0:02  Probe  
  13  0:14  Probe  
  14  0:26  Pylon  
  14  0:33  Probe  
  15  0:45  Probe  
  16  0:50  Gateway  
  16  1:00  Probe  
  17  1:06  Assimilator  
  17  1:12  Probe  
  17  1:14  Assimilator  
  18  1:24  Probe, Pylon  
  19  1:36  Probe  
  20  1:46  Cybernetics Core  
  20  1:49  Probe  
  20  1:50  Pylon  
  21  2:05  Gateway  
  21  2:11  Probe  
  22  2:23  Warp Gate (Chrono Boost)  
  22  2:25  Stalker  
  24  2:41  Robotics Facility  
  24  2:53  Stalker  
  24  2:55  Stalker  
  28  3:16  Pylon  
  28  3:18  Probe  
  29  3:23  Stalker  
  31  3:33  Observer  
  31  3:34  Stargate  
  32  3:45  Zealot  
  34  3:54  Observer  
  35  4:26  Nexus  
  35  4:29  Assimilator  
  35  4:33  Assimilator  
  35  4:37  Stalker x2  
  39  4:49  Warp Prism  
  41  4:58  Stargate  
  41  5:01  Probe  
  42  5:13  Probe  
  43  5:20  Gateway  
  43  5:21  Gateway  
  43  5:25  Probe, Pylon  
  44  5:30  Pylon  
  44  5:38  Probe x2  
  46  5:50  Probe  
  47  6:10  Probe  
  47  6:22  Probe  
  48  6:34  Probe, Void Ray  
  48  6:35  Void Ray  
  48  6:38  Stalker  
  48  6:39  Stalker x2  
  63  6:43  Stalker  
  65  6:49  Observer  
  65  6:53  Protoss Air Weapons Level 1  
  66  6:56  Probe  
  67  7:02  Probe  
  69  7:08  Probe  
  69  7:14  Probe  
  70  7:20  Probe  
  71  7:23  Void Ray  
  75  7:40  Pylon  
  75  7:46  Pylon  
  75  7:51  Pylon  
  75  7:57  Void Ray  
  79  8:00  Pylon  
  79  8:03  Stalker x3  
  85  8:08  Stalker  
  87  8:16  Probe  
  88  8:28  Probe  
  89  8:34  Stalker x2  
  89  8:35  Stalker  
  89  8:40  Probe  
  96  8:47  Protoss Air Armor Level 1  
  96  9:32  Nexus  
  96  9:33  Stalker  
  96  9:34  Stalker x2  
  96  9:35  Assimilator, Stalker  
  104  9:39  Assimilator  
  104  9:41  Pylon  
  104  9:48  Void Ray  
  108  9:59  Void Ray  
  112  11:07  Void Ray x2  
  98  11:49  Void Ray  
  98  11:50  Void Ray  
  106  12:01  Stalker  
  106  12:02  Stalker x3  
Tags
 
Add a new tag
Caveats
  • Supply blocks, unpowered buildings, or Contaminate may cause inaccurate times.
  • Supply counts are checked every 10 seconds.